 Dungeon Crawl Stone Soup version 0.22-a0-274-gf8199ec82f (webtiles) character file.

25 Ikesh the Skirmisher (level 2, -6/24 HPs)
             Began as a Vampire Abyssal Knight on Mar 14, 2018.
             Was a Believer of Lugonu.
             Killed from afar by Natasha (9 damage)
             ... with a magic dart
             ... on level 1 of the Dungeon.
             The game lasted 00:04:03 (871 turns).

Ikesh the Skirmisher (Vampire Abyssal Knight)        Turns: 871, Time: 00:04:04

Health: -6/24      AC:  4    Str: 11    XL:     2   Next: 86%
Magic:  3/3        EV: 12    Int: 14    God:    Lugonu [**....]
Gold:   76         SH:  0    Dex: 13    Spells: 1/1 levels left

rFire    . . .     SeeInvis +   h - +0 dagger (vamp)
rCold    . . .     Gourm    .   (no shield)
rNeg     + . .     Faith    .   b - +0 leather armour
rPois    .         Spirit   .   (no helmet)
rElec    .         Reflect  .   (no cloak)
rCorr    .         Harm     .   (no gloves)
MR       .....                  f - +0 pair of boots
Stlth    +.........             (no amulet)
HPRegen  0.08/turn              (no ring)
MPRegen  0.08/turn              (no ring)

@: no status effects
A: fangs 3, see invisible, unbreathing
a: Depart the Abyss, Bend Space, Renounce Religion


You were on level 1 of the Dungeon.
You worshipped Lugonu.
Lugonu was pleased with you.
You were not thirsty.

You visited 1 branch of the dungeon, and saw 2 of its levels.
You visited the Abyss 1 time.

You collected 76 gold pieces.

Inventory:

Hand Weapons
 a - a +0 dagger of venom
 h - a +0 vampiric dagger (weapon)
Armour
 b - a +0 leather armour (worn)
 f - a +0 pair of boots (worn)
 j - a +0 chain mail
Scrolls
 e - a scroll of identify {unknown}
 g - a scroll of remove curse {unknown}
Potions
 c - 12 potions of blood
 d - a potion of heal wounds {unknown}
 i - a potion of haste {unknown}


   Skills:
 + Level 3.0 Fighting
 + Level 2.6 Short Blades
 + Level 0.7 Armour
 + Level 2.6 Dodging
 + Level 2.1 Invocations


You had one spell level left.
You didn't know any spells.

Dungeon Overview and Level Annotations

Branches:
Dungeon (2/15)

Altars:

Annotations:
D:1 Natasha


Innate Abilities, Weirdness & Mutations

You have razor-sharp teeth.
You have supernaturally acute eyesight. (SInv)
You can survive without breathing.


Message History

Natasha barely misses you.
You closely miss Natasha.
Natasha is severely wounded.
Natasha claws you!
You hit Natasha.
You feel better.
Natasha is almost dead.
Natasha claws you.
You closely miss Natasha.
Natasha is almost dead.
Natasha claws you.
* * * LOW HITPOINT WARNING * * *
You closely miss Natasha.
Natasha is almost dead.
Natasha claws you.
* * * LOW HITPOINT WARNING * * *
You barely miss Natasha.
Natasha is almost dead.
Natasha stares at you and mumbles some strange words.
The magic dart hits you!
You die...

## #. ###### #.
#...(# #.
########....#####.
#@................
#.h...............
#.######......###.
#.# #......# #.
######.# #......#
## #......#
##.....# #.######
#.....# #.#
#.....## #.#
#......#


You could see Natasha.

Vanquished Creatures
  A dart slug (D:1)
  2 giant cockroaches (D:1)
  4 goblins
  4 hobgoblins (D:1)
  4 bats (D:1)
  2 frilled lizards (D:1)
  2 kobolds (D:1)
  3 rats (D:1)
22 creatures vanquished.

Notes
Turn   | Place    | Note
-------+----------+-------------------------------------------
     0 | Abyss:1  | Ikesh the Vampire Abyssal Knight began the quest for the Orb.
     0 | Abyss:1  | Reached XP level 1. HP: 17/17 MP: 2/2
   102 | D:1      | Escaped the Abyss
   265 | D:1      | You fall through a shaft!
   341 | D:1      | Reached XP level 2. HP: 21/23 MP: 3/3
   613 | D:1      | Reached ** piety under Lugonu
   649 | D:1      | Reached skill level 3 in Fighting
   859 | D:2      | Noticed Natasha
   871 | D:1      | Killed from afar by Natasha

Vault maps used:
D:1:      minmay_arrival_open_corners
D:2:      overflow_temple_1_default, uniq_natasha

Skill      XL: |  1  2 |
---------------+-------+-----
Invocations    | 2 |  2.1
Fighting       | 3 |  3.0
Short Blades   | |  2.6
Armour         | |  0.7
Dodging        | |  2.6

Action                   || total
-------------------------++-------
Melee: Dagger            ||   103
       Short sword       ||     5
       Bite              ||    10
Armor: Leather armour    ||    28
Dodge: Dodged            ||    74

Table legend:
 A = Spawn XP
 B = Non-spawn XP
 C = Spawn XP percentage of total XP
 D = Spawn monster count
 E = Non-spawn monster count
 F = Spawn count percentage of total count
 G = Total turns spent on level
                    A         B        C        D         E        F      G
               +---------+---------+-------+---------+---------+-------+---------
         Total |       0 |      37 |   0.0 |       0 |      22 |   0.0 |   871
               +---------+---------+-------+---------+---------+-------+---------
           D:1 |       0 |      35 |   0.0 |       0 |      21 |   0.0 |   729
           D:2 |       0 |       2 |   0.0 |       0 |       1 |   0.0 |    40
               +---------+---------+-------+---------+---------+-------+---------
